[Event "Open NK Rapid 2025 bord 26-50"]
[Site "Helmond, Netherlands"]
[Date "2025.05.03"]
[Round "4.22"]
[White "Rohatgi, Kushagra"]
[Black "Jara Segovia, Jesus Javier"]
[Result "0-1"]
[TimeControl "15 min +5 sec increment"]
[WhiteFideId "34603212"]
[BlackFideId "3925439"]
[WhiteElo "1774"]
[BlackElo "1909"]

1. e4 Nf6 2. Nc3 d5 3. e5 Nfd7 4. d4 e6 5. Nf3 c5 6. Bf4 Nc6 7. Bb5 a6 8. Bxc6 bxc6 9. dxc5 Bxc5 10. O-O O-O 11. Qd2 Rb8 12.
Rab1 a5 13. Qd3 h6 14. Qd2 Ba6 15. Rfd1 Kh7 16. Bg3 Rg8 17. Ne2 Be7 18. Ned4 Qc7 19. c3 Nc5 20. Qc2+ g6 21. b4 Ne4 22.
bxa5 c5 23. Nb3 Bb5 24. Nbd2 Nxg3 25. hxg3 Qxa5 26. Kh2 Ba4 27. Nb3 Qc7 28. Qd2 c4 29. Nbd4 Bxd1 30. Rxd1 Rb7 31. Rh1 Rgb8 32. Kg1 Rb1+ 33. Ne1 Bf8 34. Ndf3 R8b2 35. Qe3 Qb6 36.
Nd4 Rxe1+ 37. Qxe1 Rb1 38. Qxb1 Qxb1+ 39. Kh2 Qxa2 40. Rf1 Bc5 41. Kg1 Bxd4 42. cxd4 c3 43. Rc1 c2 44. Kf1 Qb1 45. Rxb1 cxb1=Q+ 46.
Ke2 Qe4+ 47. Kd1 Qxd4+ 48. Kc1 Qxf2 49. Kb1 d4 50.
Ka1 d3 51. Kb1 d2 52. Ka1 d1=R# 0-1

[Event "Open NK Rapid 2025 bord 26-50"]
[Site "Helmond, Netherlands"]
[Date "2025.05.03"]
[Round "4.24"]
[White "Kriens, Hans"]
[Black "Van De Vreede, Adrie"]
[Result "1-0"]
[TimeControl "15 min +5 sec increment"]
[WhiteFideId "1093665"]
[BlackFideId "40107248"]
[WhiteElo "1878"]
[BlackElo "1727"]

1. d4 Nf6 2. c4 g6 3. Nc3 d5 4. cxd5 Nxd5 5. e4 Nxc3 6. bxc3 Bg7 7. Bc4 c5 8. Ne2 Nc6 9. Be3 Bg4 10.
f3 Bd7 11. O-O O-O 12. dxc5 Qc7 13. Bd4 Ne5 14. Bd5 Bb5 15. c4 Bxc4 16. Bxc4 Nxc4 17. Bxg7 Kxg7 18. Qd4+ Ne5 19. f4 f6 20.
fxe5 fxe5 21. Qb4 Qd7 22. Rad1 Qg4 23. Ng3 Qe6 24. Qxb7 Rfb8 25. Qd5 1-0

[Event "Open NK Rapid 2025 bord 26-50"]
[Site "Helmond, Netherlands"]
[Date "2025.05.03"]
[Round "4.25"]
[White "Cornelissen, Jort"]
[Black "Pol, Nico"]
[Result "0-1"]
[TimeControl "15 min +5 sec increment"]
[WhiteFideId "1098160"]
[BlackFideId "1064002"]
[WhiteElo "1750"]
[BlackElo "1878"]

1. e4 d5 2. exd5 Nf6 3. d4 Nxd5 4. c4 Nb4 5. Na3 e5 6. dxe5 Qxd1+ 7. Kxd1 Bf5 8. f3 N8c6 9. g4 O-O-O+ 10. Ke1 Bc2 11. Bf4 Bc5 12.
Rc1 Bd3 13. Rc3 Rhe8 14. Be2 Nxe5 15. Kf1 Bxe2+ 16. Nxe2 Rd1+ 17. Kg2 Rxh1 18. Kxh1 Ned3 19. Bg5 Rxe2 20. Nb5 Nf2+ 21. Kg2 Ne4+ 22.
Kh3 Nxg5+ 23. Kh4 f6 24. a3 Nc6 25. Rd3 Rxh2+ 26. Kg3 Rh3+ 27. Kg2 Rxf3 28. Rxf3 Nxf3 29. Kxf3 Bd4 30. b4 a6 31. Nxd4 Nxd4+ 32. Ke4 Nc2 33. g5 fxg5 34. Kf5 h6 35. Kg6 g4 0-1

[Event "Open NK Rapid 2025 bord 26-50"]
[Site "Helmond, Netherlands"]
[Date "2025.05.03"]
[Round "5.1"]
[White "Thodam, Malte"]
[Black "Van Beek, Harmen"]
[Result "1-0"]
[TimeControl "15 min +5 sec increment"]
[WhiteFideId "24687120"]
[BlackFideId "40100022"]
[WhiteElo "2044"]
[BlackElo "1806"]

1. e4 c6 2. d4 d5 3. e5 c5 4. dxc5 Nc6 5. Nf3 Bg4 6. Be2 e6 7. Be3 Bxf3 8. Bxf3 Nxe5 9. Be2 Rc8 10.
b4 Nf6 11. O-O Be7 12. c3 O-O 13. Nd2 b6 14. cxb6 axb6 15. Qb3 Qc7 16. Rfc1 Nc4 17. Nxc4 dxc4 18. Qc2 Bd6 19. g3 Nd5 20.
Qe4 Nxe3 21. Qxe3 Rfd8 22. a4 Ra8 23. Bf3 Ra7 24. Rd1 Be7 25. Rxd8+ Bxd8 26. Qe4 Bf6 27. Ra3 g6 28. Qc6 Qxc6 29.
Bxc6 Bd8 30. Kf1 Kf8 31. Ke2 Ke7 32. Ke3 Kd6 33. Bb5 Rc7 34. Ra2 Bf6 35. Kd2 Ra7 36. Kc2 h5 37. Ra1 Ke7 38. Bxc4 Rc7 39. Kb3 Kd6 40. a5 b5 41. Bxb5 Rxc3+ 42. Ka4 Rc2 43. Rd1+ Ke7 44. Bd3 Rxf2 45. a6 Ra2+ 46. Kb5 Bd4 47. Bc4 Rxh2 48. Rxd4 e5 49. Rd5 f6 50. a7 Ra2 1-0

[Event "Open NK Rapid 2025 bord 26-50"]
[Site "Helmond, Netherlands"]
[Date "2025.05.03"]
[Round "5.2"]
[White "Kakrana, Reyansh"]
[Black "Van Ravensteijn, Antal"]
[Result "0-1"]
[TimeControl "15 min +5 sec increment"]
[WhiteFideId "1094092"]
[BlackFideId "1060759"]
[WhiteElo "1796"]
[BlackElo "2048"]

1. e4 d5 2. exd5 Qxd5 3. d4 Nf6 4. Nc3 Qd8 5. Nf3 g6 6. Bc4 Bg7 7. h3 O-O 8. Be3 c6 9. Qd2 b5 10.
Bd3 Re8 11. O-O Bb7 12. Bh6 Bh8 13. Rad1 Na6 14. Rfe1 Nb4 15. a3 Nxd3 16. Qxd3 Qb6 17. Re2 Rad8 18. Rde1 e6 19. Be3 a5 20. Ne4 Nxe4 21. Qxe4 Qc7 22.
Qh4 c5 23. dxc5 Bxf3 24. gxf3 Bxb2 25. c4 Bc3 26. Rc1 b4 27. axb4 axb4 28. Bg5 Rd4 29. Qg3 Qxg3+ 30. fxg3 Rxc4 31. Be3 Rd8 32. Kf2 Kf8 33. Bh6+ Ke7 34.
Bg5+ f6 35. Be3 Rd5 36. Ra2 Rd7 37. Rac2 e5 38. Ke2 Ke6 39.
Bd2 Rxc5 40. Bxc3 bxc3 41. Rxc3 Ra5 42. Rc6+ Kf5 43. R1c2 Ra3 44. g4+ Kg5 45. h4+ Kxh4 46. Rxf6 Rdd3 47. Kf2 Kg5 48. Rf7 h6 49. Rc5 Re3 50. f4+ Kxg4 51. fxe5 Re4 52.
Rf6 Ra2+ 53. Kf1 Ra1+ 54. Kf2 Ra2+ 55. Kf1 Rf4+ 56. Rxf4+ Kxf4 57. Rc6 Kf5 58. Rf6+ Kg5 59. Rf3 Ra6 60. Kf2 Re6 61. Rg3+ Kf5 62. Rh3 h5 63. Rg3 Rxe5 64. Kf3 Ra5 65. Rg1 g5 66. Rh1 g4+ 67. Kf2 Kf4 68. Rb1 Ra2+ 69. Kg1 Kg3 70. Rb3+ Kh4 71. Rc3 g3 72. Rc5 Kg4 73. Rc7 Kh3 74. Rc3 Ra1+ 0-1

[Event "Open NK Rapid 2025 bord 26-50"]
[Site "Helmond, Netherlands"]
[Date "2025.05.03"]
[Round "5.3"]
[White "Mau-Asam, LÃ©on"]
[Black "Aarts, Joaquin"]
[Result "0-1"]
[TimeControl "15 min +5 sec increment"]
[WhiteFideId "40105890"]
[BlackFideId "1078224"]
[WhiteElo "1795"]
[BlackElo "2027"]

1. d4 Nf6 2. c4 e6 3. Nc3 Bb4 4. e3 b6 5. Bd2 Bb7 6. Nf3 O-O 7. Be2 d6 8. a3 Bxc3 9. Bxc3 Ne4 10.
Rc1 f5 11. O-O Nd7 12. Nd2 Qg5 13. f4 Qxg2+ 14. Kxg2 Nxc3+ 15. Kf2 Nxd1+ 16. Rcxd1 Nf6 17. Rg1 Kf7 18. Bf3 Bxf3 19. Nxf3 Ne4+ 20.
Ke2 h6 21. d5 exd5 22. cxd5 Rfe8 23. Nd4 g6 24. Ne6 Rac8 25. Nd4 Nf6 26. Nc6 a5 27. h3 Re4 28. Rd3 Rc4 29. Rxg6 Kxg6 30.
Ne7+ Kf7 31. Nxc8 Ne4 32. b3 Rc2+ 33.
Kf3 Rf2# 0-1

[Event "Open NK Rapid 2025 bord 26-50"]
[Site "Helmond, Netherlands"]
[Date "2025.05.03"]
[Round "5.4"]
[White "Den Heijer, Rolinde"]
[Black "Timmer, Michel"]
[Result "1-0"]
[TimeControl "15 min +5 sec increment"]
[WhiteFideId "1068300"]
[BlackFideId "40104524"]
[WhiteElo "1991"]
[BlackElo "1796"]

1. e4 e5 2. Nf3 Nf6 3. Nxe5 Nxe4 4.
Qe2 Qe7 5. d4 d5 6. Nd2 Nd7 7. Nxe4 dxe4 8. Nxd7 Bxd7 9. Bd2 g6 10. O-O-O O-O-O 11. Qe3 Kb8 12. Bc4 Be6 13. Bxe6 Qxe6 14.
Kb1 Bg7 15. Bc3 Qd5 16. a3 Rhe8 17. g4 f5 18. Rhg1 fxg4 19. Rxg4 Qf5 20. Rgg1 Rf8 21. h4 Qf3 22. Qe1 Rde8 23.
Bb4 Rf4 24. Rf1 Rxh4 25. d5 a6 26. d6 cxd6 27. Rxd6 Rf4 28. Qd2 Rff8 29. Rd7 e3 30. Qd6+ Ka8 31. Rxg7 exf2 32. Qb6 Rf6 33.
Qc7 Rfe6 34. Rxf2 Qd1+ 35. Ka2 Qd5+ 36. c4 Qe4 37. Rd7 Rc6 38. Rd8+ Rxd8 39. Qxd8+ Ka7 40. b3 h5 41. Bc3 Re6 42. Bd4+ b6 43. Rf7+ 1-0

[Event "Open NK Rapid 2025 bord 26-50"]
[Site "Helmond, Netherlands"]
[Date "2025.05.03"]
[Round "5.5"]
[White "Gergin, Isafara"]
[Black "Apon, Iwahn"]
[Result "0-1"]
[TimeControl "15 min +5 sec increment"]
[WhiteFideId "1082167"]
[BlackFideId "1056115"]
[WhiteElo "1779"]
[BlackElo "1987"]

1. e4 c5 2. Nf3 d6 3. d4 cxd4 4. Nxd4 Nf6 5. Nc3 a6 6. Bd3 e5 7. Nde2 Be6 8. O-O Be7 9. Ng3 Qc7 10.
Kh1 Nbd7 11. f4 Nc5 12. fxe5 dxe5 13. Nf5 Bxf5 14. Rxf5 O-O-O 15. Qf1 Qc6 16. Nd5 Nxd5 17. exd5 Qxd5 18.
Rxf7 Nxd3 19. cxd3 Bf6 20. Qf5+ Kb8 21. Qh5 g6 22. Qf3 Qxf7 23. Bg5 Rhf8 24. Rf1 Rd6 25. Qf2 Qe7 26. Be3 Bg7 0-1

[Event "Open NK Rapid 2025 bord 26-50"]
[Site "Helmond, Netherlands"]
[Date "2025.05.03"]
[Round "5.6"]
[White "Blok, Lukas"]
[Black "Landman, Renzo"]
[Result "0-1"]
[TimeControl "15 min +5 sec increment"]
[WhiteFideId "40110494"]
[BlackFideId "40106306"]
[WhiteElo "1741"]
[BlackElo "1975"]

1. c4 e6 2. Nc3 d5 3. Nf3 d4 4. Ne4 c5 5. d3 Nc6 6. e3 e5 7. Be2 f5 8. Ng3 Nf6 9. exd4 cxd4 10.
Nd2 Bd6 11. a3 a5 12. Qc2 h5 13. h4 Qe7 14. b3 e4 15. c5 Bxg3 16. fxg3 Qe5 17. Rh3 Be6 18. Nc4 Qxc5 19. Bf4 Bxc4 20.
bxc4 O-O 21. Kf1 Rae8 22. Kg1 Ng4 23. Rf1 Qxa3 24. Qc1 Qxc1 25. Rxc1 Nce5 26. dxe4 fxe4 27. Rd1 d3 28. Bf1 Nxc4 29.
Rc1 b5 30. Ra1 a4 31. Rb1 Rf5 32.
Re1 Kf7 33. Rb1 a3 34. Rxb5 Rxb5 0-1

[Event "Open NK Rapid 2025 bord 26-50"]
[Site "Helmond, Netherlands"]
[Date "2025.05.03"]
[Round "5.7"]
[White "Van Wamel, Gijs"]
[Black "Fransen, Jean-Paul"]
[Result "1-0"]
[TimeControl "15 min +5 sec increment"]
[WhiteFideId "40102165"]
[BlackFideId "40101487"]
[WhiteElo "1713"]
[BlackElo "1964"]

1. Nf3 g6 2. g3 Bg7 3.
Bg2 c5 4. c4 Nf6 5. O-O O-O 6.
Nc3 Nc6 7. e3 d5 8. cxd5 Nxd5 9. d4 cxd4 10. Nxd4 Nxc3 11. bxc3 Ne5 12. Rb1 Rb8 13. Qa4 a6 14. Ba3 Qc7 15.
Rfc1 b5 16. Qb4 Re8 17. Rd1 Bg4 18. f3 Bd7 19. Qc5 Qxc5 20. Bxc5 Bc6 21. Nxc6 Nxc6 22. Bd4 e5 23. Bc5 e4 24.
fxe4 Bxc3 25. Rd7 Ne5 26. Ra7 Ra8 27. Rxa8 Rxa8 28. Bd4 Rc8 29. Rc1 Rc4 30. Rxc3 Ng4 31. Rxc4 bxc4 32. Bf1 Kf8 33. Bxc4 a5 34.
Bb6 Ke7 35. Bxa5 Nxe3 36. Bd5 f5 37. Bb6 Nc2 38. exf5 gxf5 39. a4 Kd6 40. Bg8 h6 41. Bh7 1-0

[Event "Open NK Rapid 2025 bord 26-50"]
[Site "Helmond, Netherlands"]
[Date "2025.05.03"]
[Round "5.8"]
[White "Darie, Aden"]
[Black "Lenting, Roan"]
[Result "1-0"]
[TimeControl "15 min +5 sec increment"]
[WhiteFideId "1094831"]
[BlackFideId "1085905"]
[WhiteElo "1941"]
[BlackElo "1621"]

1. e4 c5 2. Nf3 e6 3.
c4 Nc6 4. d4 cxd4 5. Nxd4 Nf6 6. Nc3 Bb4 7. Nxc6 bxc6 8. Bd3 d5 9. cxd5 exd5 10. exd5 Nxd5 11. O-O O-O 12. Nxd5 Qxd5 13.
Qc2 h6 14. Be4 Qe5 15. a3 Bd6 16. g3 Bb7 17. Bf4 Qc5 18. Qxc5 Bxc5 19. Rac1 Bb6 20. Bxc6 Bxc6 21. Rxc6 Rac8 22. Rfc1 Rxc6 23. Rxc6 Re8 24. Rc2 g5 25. Bd6 Rd8 26. Be7 Re8 27. Bf6 Kh7 28. Rd2 Kg6 29.
Bd4 Rd8 30. Be3 Rxd2 31. Bxd2 a6 32.
Kf1 Kf5 33. h3 Ke4 34. Ke2 f5 35. f3+ Kd5 36. Kd3 Bd8 37. g4 fxg4 38. hxg4 Ke5 39. b3 Be7 40. a4 Bd8 41. Bc3+ Kf4 42. Ke2 Be7 43. Bg7 Bc5 44.
Bxh6 Bd4 45. Bf8 Bc3 46. Bd6+ Be5 47. Bxe5+ Kxe5 48. Ke3 a5 49. f4+ gxf4+ 50. Kf3 Kd4 51. Kxf4 Kc3 52. g5 Kxb3 53. g6 Kxa4 54. g7 Ka3 55. g8=Q a4 56. Ke3 Kb2 57. Qb8+ Kc2 58. Qc7+ Kb2 59. Qb6+ Kc2 60. Qc6+ Kb3 61. Kd2 a3 62. Kc1 Ka2 63.
Qc2+ Ka1 64. Qb1# 1-0

[Event "Open NK Rapid 2025 bord 26-50"]
[Site "Helmond, Netherlands"]
[Date "2025.05.03"]
[Round "5.9"]
[White "Kools, Thomas"]
[Black "Messaoudi, Nino"]
[Result "1-0"]
[TimeControl "15 min +5 sec increment"]
[WhiteFideId "1054759"]
[BlackFideId "1099930"]
[WhiteElo "2094"]
[BlackElo "1875"]

1. Nf3 Nf6 2. e3 d5 3. d4 c5 4. c3 Nc6 5. Nbd2 Bf5 6. dxc5 a5 7. Bb5 Qc7 8. b4 e5 9. Bb2 Be7 10.
O-O O-O 11. a3 e4 12. Nd4 Nxd4 13. cxd4 Ng4 14. g3 h5 15. Be2 Bg5 16. Qb3 Rfd8 17. bxa5 Qxa5 18. Bc3 Qc7 19. Rfb1 Rab8 20.
Nf1 h4 21. Qb6 Qe7 22. Bxg4 Bxg4 23. c6 Rdc8 24. Bd2 Bf3 25. h3 Qe6 26. Kh2 Rxc6 27. Qb4 Qh6 28. g4 Rg6 29. Qc5 Rd6 30.
Rxb7 Rxb7 31. Qc8+ Rd8 32. Qxb7 f5 33. Ba5 Rf8 34.
Qxd5+ Kh8 35. gxf5 Bf6 36. Nd2 Qh5 37. Qd6 Rd8 38. Qf4 Rf8 39. Nxf3 exf3 40. Rg1 Be7 41. e4 Rc8 1-0

[Event "Open NK Rapid 2025 bord 26-50"]
[Site "Helmond, Netherlands"]
[Date "2025.05.03"]
[Round "5.10"]
[White "Becx, Cesar"]
[Black "Vasylchenko, Maksym"]
[Result "0-1"]
[TimeControl "15 min +5 sec increment"]
[WhiteFideId "1001183"]
[BlackFideId "34150617"]
[WhiteElo "2075"]
[BlackElo "1853"]

1. f4 d5 2. Nf3 Nc6 3. d4 Bg4 4.
e3 Nf6 5. c4 e6 6. a3 Ne4 7. Be2 Bxf3 8. Bxf3 Qh4+ 9. g3 Qh3 10. Bxe4 dxe4 11. Qc2 f5 12. b4 h5 13. Ra2 h4 14.
Qg2 hxg3 15. Qxh3 Rxh3 16. Kf1 Be7 17. Kg2 Rxh2+ 18. Rxh2 gxh2 19. Kxh2 Kd7 20. Bd2 Rh8+ 21. Kg2 g5 22.
Nc3 Rh4 23. d5 Nd8 24. fxg5 Bxg5 25. Be1 Rg4+ 26. Kh3 Bxe3 27. Bf2 Bxf2 28. Rxf2 e3 29. Re2 Rxc4 30. Rxe3 e5 31. Nb5 a6 32. Nc3 e4 33. Kg3 Nf7 34.
Kf4 Nd6 35. Ne2 Rc2 36. Ng3 Rf2+ 37.
Kg5 f4 0-1

[Event "Open NK Rapid 2025 bord 26-50"]
[Site "Helmond, Netherlands"]
[Date "2025.05.03"]
[Round "5.11"]
[White "Bakels, Anton"]
[Black "Kazi, Zidan"]
[Result "1-0"]
[TimeControl "15 min +5 sec increment"]
[WhiteFideId "1046187"]
[BlackFideId "40102300"]
[WhiteElo "2025"]
[BlackElo "1818"]

1. e4 e5 2. d4 exd4 3. Qxd4 Nc6 4. Qe3 b6 5. Nc3 Bb7 6. Bc4 Bc5 7. Qg3 Qf6 8. Nd5 Qd4 9. Nxc7+ Kd8 10.
Nxa8 Qxc4 11. Qc7+ Ke7 12. Bg5+ f6 13. O-O-O Nd4 14. c3 Qb5 15. Qxb7 fxg5 16. Nc7 Qc4 17. Nd5+ Ke6 18. f4 Nb5 19.
f5+ Ke5 20. Nf3+ Kd6 21. Nxb6+ Ke7 22. Qxd7+ Kf6 23. e5# 1-0

[Event "Open NK Rapid 2025 bord 26-50"]
[Site "Helmond, Netherlands"]
[Date "2025.05.03"]
[Round "5.12"]
[White "Klein, Ron"]
[Black "Omnes, Tiago"]
[Result "1/2-1/2"]
[TimeControl "15 min +5 sec increment"]
[WhiteFideId "1014668"]
[BlackFideId "1091867"]
[WhiteElo "2014"]
[BlackElo "1813"]

1. d4 Nf6 2. Nf3 g6 3. Bg5 Bg7 4. e3 h6 5. Bh4 O-O 6. Be2 d6 7. O-O Nbd7 8. Nbd2 c5 9. c3 cxd4 10. exd4 Nb6 11. a4 Be6 12. Re1 Rc8 13. Bf1 Re8 14.
Bb5 Bd7 15. Qb3 a6 16. Bxd7 Nbxd7 17. Qxb7 Rb8 18. Qxa6 Rxb2 19. Qd3 Qc7 20. Reb1 Reb8 21. Rxb2 Rb7 22. Rb4 Rxb4 23. a5 Rb7 24. a6 Ra7 25.
Qc4 Qb6 26. h3 e6 27. Bg3 d5 28. Qc8+ Kh7 29. Ne5 Nxe5 30. Bxe5 Qb2 31. Rb1 Qa2 32. Bxf6 Bxf6 33. Rb7 Qxa6 34.
Rxf7+ Bg7 35. Qf8 Rxf7 36. Qxf7 Qa1+ 37. Kh2 Qxc3 38. Nf3 Kh8 39.
Qxg6 Qc7+ 40. g3 Qc3 41. Kg2 Qc6 42. g4 Qd6 43. g5 Qf4 44. gxh6 Qxh6 45. Qe8+ Kh7 46. h4 Qg6+ 47. Ng5+ Kh6 48.
Qxg6+ Kxg6 49. Nxe6 Bf6 50. Nf4+ Kf5 51. Nxd5 Bxh4 52. Kf3 Bxf2 53. Ne7+ Ke6 54. Kxf2 Kxe7 55. Ke3 Kd6 56. Ke4 1/2-1/2

[Event "Open NK Rapid 2025 bord 26-50"]
[Site "Helmond, Netherlands"]
[Date "2025.05.03"]
[Round "5.13"]
[White "Ganeshram, Nirupa"]
[Black "Vogel, Jaap"]
[Result "0-1"]
[TimeControl "15 min +5 sec increment"]
[WhiteFideId "1083031"]
[BlackFideId "1000764"]
[WhiteElo "1679"]
[BlackElo "2006"]

1. e4 e6 2. d4 d5 3. Nc3 Bb4 4. e5 c5 5. a3 Bxc3+ 6. bxc3 Qa5 7. Bd2 Qa4 8. Nf3 Ne7 9. Be2 Nbc6 10.
Be3 Nf5 11. O-O h6 12. Qd2 cxd4 13. cxd4 Na5 14. Rfb1 Nc4 15. Bxc4 Qxc4 16. Rb4 Qc7 17. Rc1 a5 18. Rb3 Bd7 19.
Rcb1 b5 20. Ne1 Rc8 21. c3 a4 22. Rxb5 Bxb5 23. Rxb5 O-O 24. Rb4 Qxc3 25. Rxa4 Nxe3 26. Qxe3 Qa1 27. Kf1 Rc3 28. Qd2 Rxa3 29.
Rxa3 Qxa3 30. g3 Rc8 31. Kg2 Qc3 32.
Qd1 Ra8 33. Nf3 Ra1 34. Qe2 Qc4 35. Qxc4 dxc4 36. Nd2 c3 37. Nb3 Rb1 38. Nc5 c2 39. Nd3 Rd1 0-1

[Event "Open NK Rapid 2025 bord 26-50"]
[Site "Helmond, Netherlands"]
[Date "2025.05.03"]
[Round "5.14"]
[White "Jansz, Wilfred"]
[Black "Klute, Leon"]
[Result "1-0"]
[TimeControl "15 min +5 sec increment"]
[WhiteFideId "40107353"]
[BlackFideId "1096460"]
[WhiteElo "1996"]
[BlackElo "1761"]

1. e4 c5 2. Nf3 d6 3. d4 cxd4 4. Nxd4 Nf6 5. Nc3 a6 6. Be3 Ng4 7. Bg5 h6 8. Bh4 g5 9. Bg3 Bg7 10.
h3 Ne5 11. Be2 Nbc6 12. Nb3 b5 13. O-O Nc4 14. Bxc4 bxc4 15. Nd2 Be6 16. Qe2 Nd4 17. Qd1 h5 18. Nd5 Rc8 19. c3 Nb5 20.
Qa4 h4 21. Bh2 g4 22. hxg4 h3 23. gxh3 Rxh3 24. Nf4 Rxh2 25. Nxe6 fxe6 26. Kxh2 Kf7 27. Kg3 d5 28. f4 dxe4 29.
Qc2 e3 30. Ne4 Qd3 31. Ng5+ Kf6 32. Qxd3 cxd3 33. Rf3 d2 34. Rxe3 Rd8 35. Rd1 e5 36. Rxe5 Bh6 37. Re6+ Kg7 38.
Rxe7+ Kf6 39. Re6+ Kg7 40. Re7+ Kf6 41. Re5 Nc7 42. Nf3 Kf7 43. Rxd2 Rg8 44. Rf5+ Ke6 45. Re2+ Kd6 46. Rf6+ 1-0

[Event "Open NK Rapid 2025 bord 26-50"]
[Site "Helmond, Netherlands"]
[Date "2025.05.03"]
[Round "5.15"]
[White "Van Baaren, Joris"]
[Black "Schleipfenbauer, Bent"]
[Result "0-1"]
[TimeControl "15 min +5 sec increment"]
[WhiteFideId "40108929"]
[BlackFideId "1048759"]
[WhiteElo "1796"]
[BlackElo "1992"]

1. e4 c5 2. Nf3 Nc6 3.
Bb5 e6 4. c3 Nge7 5. O-O a6 6. Ba4 b5 7. Bc2 d5 8. d4 dxe4 9.
Bxe4 Nd5 10. Re1 Bb7 11. dxc5 Nf6 12. Qxd8+ Rxd8 13. Bxc6+ Bxc6 14. b4 Bxf3 15. gxf3 Nd5 16. a4 Be7 17. Bb2 Nf4 18. axb5 axb5 19.
Na3 Bh4 20. Re4 g5 21. Nxb5 Rd2 22. Nd6+ Ke7 23. Nf5+ Kf6 24. Nxh4 Rxb2 25. Rae1 Rd8 26. Rxf4+ gxf4 27. Ng2 e5 28.
Rf1 Rc2 29. Ra1 Rxc3 30. Ra6+ Kf5 31. Ra1 Rb3 32. Rc1 Rxb4 33. Ne1 Rbd4 34. Kf1 Rc8 35. Nc2 Rd5 36. Nb4 Rdxc5 37. Re1 Rc1 38.
Nd5 Rxe1+ 39. Kxe1 Rc1+ 40. Ke2 Rh1 41. Ne7+ Ke6 42. Nc6 Rxh2 43. Nd8+ Ke7 44. Nc6+ Kd6 45. Nd8 f6 46. Nf7+ Ke7 47. Nh8 Rg2 0-1

[Event "Open NK Rapid 2025 bord 26-50"]
[Site "Helmond, Netherlands"]
[Date "2025.05.03"]
[Round "5.16"]
[White "Wilming, Auke"]
[Black "Rogozyanskiy, Alexander"]
[Result "1/2-1/2"]
[TimeControl "15 min +5 sec increment"]
[WhiteFideId "40101096"]
[BlackFideId "1092138"]
[WhiteElo "1962"]
[BlackElo "1726"]

1. e4 c5 2. Nf3 e6 3. d4 cxd4 4. Nxd4 a6 5. Nc3 Qc7 6. a3 Nf6 7. Bd3 Be7 8. O-O O-O 9. Be3 d6 10. f4 Nbd7 11. g4 Nc5 12.
g5 Nfd7 13. f5 Qd8 14. Qh5 Ne5 15. Qh4 f6 16. fxe6 Nxe6 17. Nf5 Nxg5 18. Nxe7+ Qxe7 19. Bxg5 fxg5 20. Nd5 Qd8 21. Qg3 Be6 22.
Rxf8+ Qxf8 23. Rf1 Qd8 24. Ne3 Qe7 25. Be2 Rf8 26. Rxf8+ Kxf8 27. Bg4 Bxg4 28. Nxg4 Nxg4 29. Qxg4 g6 30.
Qc8+ Kf7 31. Qc4+ Kg7 32. Qc3+ Kh6 33. Qh3+ Kg7 34. Qc3+ Kg8 35. Qc4+ Kg7 36. Qc3+ 1/2-1/2

[Event "Open NK Rapid 2025 bord 26-50"]
[Site "Helmond, Netherlands"]
[Date "2025.05.03"]
[Round "5.17"]
[White "Moskalets, Sofiia"]
[Black "Gorny, Wiktor"]
[Result "1-0"]
[TimeControl "15 min +5 sec increment"]
[WhiteFideId "34144293"]
[BlackFideId "40110680"]
[WhiteElo "1938"]
[BlackElo "1693"]

1. e4 c5 2. Nf3 e6 3. b3 Nc6 4. Bb2 Nf6 5. e5 Nd5 6. g3 Be7 7. Bg2 O-O 8. O-O b5 9. d4 Ba6 10.
Re1 c4 11. Nfd2 Qa5 12. Ne4 Bb4 13. c3 Be7 14. b4 Qb6 15. Nc5 Bc8 16. a4 a5 17. axb5 Qxb5 18. Na3 Qb8 19. b5 Bxc5 20.
dxc5 Nxe5 21. Rxe5 Qxe5 22. Nxc4 Qc7 23. Qd4 Bb7 24. Nd6 Rab8 25. Nxb7 Rxb7 26. c4 Nf6 27. Bxb7 Qxb7 28. Rxa5 Qc7 29.
b6 Qb8 30. Qe5 Qb7 31. Ra7 Qc6 32. Rc7 Qa8 33. b7 Qb8 34. g4 h6 35. h4 Kh7 36. g5 d6 37. cxd6 Rg8 38. Kh1 Ng4 39.
Qe4+ g6 40. Qxg4 h5 41. Rxf7+ Rg7 42. Rxg7+ Kh8 43. Rc7+ 1-0

[Event "Open NK Rapid 2025 bord 26-50"]
[Site "Helmond, Netherlands"]
[Date "2025.05.03"]
[Round "5.19"]
[White "Jansen, Marijn"]
[Black "Nair, Pranav Prasobh"]
[Result "1/2-1/2"]
[TimeControl "15 min +5 sec increment"]
[WhiteFideId "1089587"]
[BlackFideId "40109135"]
[WhiteElo "1880"]
[BlackElo "1507"]

1. e4 e5 2. Nf3 Nc6 3. Bc4 Nf6 4. d3 Bc5 5. c3 d6 6. O-O h6 7. Nbd2 O-O 8. h3 Be6 9. b4 Bb6 10. a4 a5 11. b5 Ne7 12.
Re1 Ng6 13. Bxe6 fxe6 14. Nc4 Re8 15. Nxb6 cxb6 16. d4 exd4 17. cxd4 Rc8 18. Bb2 Re7 19. Qb3 Kh8 20. Ba3 Re8 21.
e5 dxe5 22. dxe5 Nd5 23. Rac1 Qd7 24. Bd6 Ngf4 25. Kh2 Qf7 26. g3 Ng6 27. Kg2 Qf5 28. Rxc8 Rxc8 29. Nd4 Qf7 30. Qb1 Rc4 31.
Qb2 Rxa4 32. Rc1 Qe8 33. h4 Nge7 34. Nxe6 Nf5 35. Nc7 Nxc7 36. Rxc7 Nxh4+ 37. gxh4 Qg6+ 38. Kf1 Qd3+ 39. Kg1 Rg4+ 40. Kh2 Qf3 41.
Rc8+ Kh7 42. Qc2+ Re4 43. Rc4 Qf4+ 44.
Kg1 Qg4+ 45. Kf1 Qh3+ 46. Kg1 Qg4+ 47. Kf1 Qh3+ 1/2-1/2

[Event "Open NK Rapid 2025 bord 26-50"]
[Site "Helmond, Netherlands"]
[Date "2025.05.03"]
[Round "5.20"]
[White "Kshirsagar, Pranav"]
[Black "Lukin, Yesenia"]
[Result "1-0"]
[TimeControl "15 min +5 sec increment"]
[WhiteFideId "1084011"]
[BlackFideId "273023"]
[WhiteElo "2049"]
[BlackElo "1597"]

1. d4 Nf6 2. c4 e6 3. Nf3 d5 4. Nc3 c6 5. e3 Bd6 6. Be2 Nbd7 7. O-O O-O 8. b3 Re8 9. Bb2 dxc4 10. bxc4 e5 11. d5 cxd5 12. cxd5 Nb6 13. e4 a6 14.
a4 Ng4 15. h3 Nh6 16. Nd2 f6 17. a5 Nd7 18. Nc4 Nf7 19. Bg4 Nc5 20. Ba3 Bxg4 21. Qxg4 Nd3 22. Nb6 Ra7 23. Rfd1 Bxa3 24.
Rxa3 Nf4 25. g3 Nh6 26. Qd7 Qxd7 27.
Nxd7 Nxh3+ 28. Kg2 Ng5 29.
Nb6 f5 30. d6 fxe4 31. d7 Rd8 32. Ra4 Ng4 33. Nxe4 Ne6 34. Nd6 Nf6 35. Ndc8 Nc5 36. Rc4 Ncxd7 37. Nxa7 Kf7 38. Nxd7 Rxd7 39. Rxd7+ Nxd7 40. Rc7 Ke6 41. Rxb7 1-0

[Event "Open NK Rapid 2025 bord 26-50"]
[Site "Helmond, Netherlands"]
[Date "2025.05.03"]
[Round "5.21"]
[White "Zhou, Yanyang"]
[Black "Teianu, Sabin"]
[Result "0-1"]
[TimeControl "15 min +5 sec increment"]
[WhiteFideId "40109739"]
[BlackFideId "1095846"]
[WhiteElo "1785"]
[BlackElo "2089"]

1. e4 e6 2. d4 d5 3. e5 c5 4. c3 Nc6 5. Nf3 Bd7 6.
Be2 Nge7 7. O-O Nf5 8. dxc5 Bxc5 9. Bd3 Nh4 10. Nbd2 Ng6 11. Nb3 Bb6 12. Re1 Qc7 13. Qe2 O-O-O 14. Nbd2 Nf4 15. Qf1 Nxd3 16. Qxd3 f6 17. Qe2 Rdf8 18. exf6 gxf6 19. Nb3 e5 20. Be3 Bg4 21. h3 Bh5 22. Bxb6 axb6 23. Qc2 Qd7 24.
Nbd2 Rhg8 25. Kh2 Bxf3 26. Nxf3 e4 27. Nd4 f5 28. a4 f4 29. Nxc6 bxc6 30. a5 f3 31. g3 Rf6 32. axb6 Qxh3+ 33. Kxh3 Rh6# 0-1

[Event "Open NK Rapid 2025 bord 26-50"]
[Site "Helmond, Netherlands"]
[Date "2025.05.03"]
[Round "5.22"]
[White "Lalkota, Sai Pranav Tejas"]
[Black "Roebers, Jan"]
[Result "0-1"]
[TimeControl "15 min +5 sec increment"]
[WhiteFideId "1087690"]
[BlackFideId "1007815"]
[WhiteElo "1777"]
[BlackElo "2058"]

1. c4 Nf6 2. g3 g6 3. Bg2 Bg7 4. Nc3 O-O 5. d3 c5 6. e4 Nc6 7. Nge2 d6 8.
O-O a6 9. f4 Rb8 10. a3 Bd7 11. Nd5 b5 12. Nec3 Ng4 13. Qe2 Nd4 14. Qd1 bxc4 15. dxc4 Nb3 16. Rb1 Bd4+ 17. Kh1 Nf2+ 18. Rxf2 Bxf2 19. Be3 Bxe3 20.
Nxe3 Bc6 21. Ned5 e6 22. Ne3 a5 23. f5 exf5 24. Ned5 fxe4 25. Nxe4 Bxd5 26. Qxd5 Kg7 27. Rf1 f5 28.
Nf2 Nd4 29. Nh3 Re8 30. Rxf5 Nxf5 31. Qd2 Qf6 0-1